 Dungeon Crawl Stone Soup version 0.26-b1-32-g5d43845318 (webtiles) character file.

Game seed: 14463257237288474763

65 Borgoz the Ducker (level 4, -2/38 HPs)
             Began as a Ghoul Gladiator on Jan 13, 2021.
             Slain by an adder (3 damage)
             ... on level 2 of the Dungeon.
             The game lasted 00:01:36 (1509 turns).

Borgoz the Ducker (Ghoul Gladiator)                 Turns: 1509, Time: 00:01:37

Health: -2/38      AC:  4    Str: 17    XL:     4   Next: 14%
Magic:  3/3        EV: 12    Int: -1    God:
Gold:   72         SH:  0    Dex: 11    Spells: 3/3 levels left

rFire    . . .     SeeInvis .   a - +0 flail
rCold    + . .     Faith    .   (no shield)
rNeg     + + +     Spirit   .   b - +0 leather armour
rPois    ∞         Reflect  .   c - +0 helmet
rElec    .         Harm     .   (no cloak)
rCorr    .         Rampage  .   (no gloves)
Will     .....                  (no boots)
Stlth    +.........             (no amulet)
HPRegen  0.00/turn              f - -4 ring of intelligence (curse)
MPRegen  0.08/turn              h - ring of wizardry

@: very slightly contaminated, slowed, lost intelligence, invisible, very slow
A: claws 1, cold resistance 1, negative energy resistance 3, inhibited
regeneration, torment resistance, unbreathing
a: no special abilities


You were on level 2 of the Dungeon.
You visited 1 branch of the dungeon, and saw 2 of its levels.

You collected 72 gold pieces.

Inventory:

Hand Weapons
 a - a +0 flail (weapon)
Missiles
 d - 3 throwing nets (quivered)
Armour
 b - a +0 leather armour (worn)
 c - a +0 helmet (worn)
Jewellery
 f - a cursed -4 ring of intelligence (left claw)
 h - a ring of wizardry (right claw)
Potions
 j - a potion of brilliance


   Skills:
 * Level 3.1 Fighting
 * Level 3.1 Maces & Flails
 - Level 1.7 Throwing
 * Level 1.3 Armour
 * Level 3.2 Dodging


You had 3 spell levels left.
You didn't know any spells.
Your spell library was empty.

Dungeon Overview and Level Annotations

Branches:
Dungeon (2/15)

Altars:
Fedhas


Innate Abilities, Weirdness & Mutations

You thrive by killing the living.
You are immune to poison.
You have sharp fingernails.
Your flesh is cold resistant. (rC+)
You are immune to negative energy. (rN+++)
You do not regenerate when monsters are visible.
You are immune to unholy pain and torment.
You can survive without breathing.


Message History

It was a potion of invisibility.
You fade into invisibility!
The adder misses you. The adder barely misses you.
You are very lightly contaminated with residual magic.
It was a potion of lignification.
You feel woody for a moment. The adder barely misses you. x2
You hit the adder.
The adder is severely wounded.
The adder bites you.
* * * LOW HITPOINT WARNING * * *
The adder barely misses you.
You miss the adder.
The adder is severely wounded.
The adder closely misses you. x2
The leopard gecko hisses menacingly.
The adder barely misses you.
You closely miss the adder.
The adder is severely wounded.
The adder bites you.
You die...

.....###.≈≈≈≈.....+......#.#..##.
.........≈≈≈≈≈....# #..........#.
........≈≈≈≈≈≈.... #.####..<.(#.
........≈≈≈≈≈≈.#+# #.# #.....#.
..##.....≈≈≈≈oo#.# #.# ##....#.
..######....ro†ol# #.# #......
..# #########o# #[# #.##... ..#
#S# #.# #.##... ### #######@#
#.#####.##... #
#.....#.####÷......##... #
#................####... #
#................# #..> #
##...............# #### #
###.....≈≈≈≈≈.....# #
#.....≈≈≈≈≈≈##....# #
#.#..≈≈≈#####.##..#
#(#.≈≈≈≈#.##.##≈≈.#######


You could see an adder, 2 orcs and a leopard gecko.

Vanquished Creatures
  An adder (D:2)
  An ooze (D:1)
  A worm (D:2)
  3 dart slugs (D:1)
  A leopard gecko (D:1)
  2 bats
  2 giant cockroaches (D:1)
  4 goblins
  8 hobgoblins
  2 jackals (D:1)
  3 kobolds (D:1)
  4 frilled lizards (D:2)
  8 rats
40 creatures vanquished.

Notes
Turn   | Place    | Note
-------+----------+-------------------------------------------
     0 | D:1      | Borgoz the Ghoul Gladiator began the quest for the Orb.
     0 | D:1      | Reached XP level 1. HP: 17/17 MP: 0/0
   111 | D:1      | Reached XP level 2. HP: 18/25 MP: 1/1
   189 | D:1      | Lost intelligence.
   472 | D:1      | Reached XP level 3. HP: 24/30 MP: 2/2
   527 | D:1      | Reached skill level 1 in Armour
  1443 | D:2      | Found a blossoming altar of Fedhas.
  1446 | D:2      | Reached XP level 4. HP: 36/38 MP: 3/3
  1507 | D:2      | HP: 1/38 [adder (1)]
  1509 | D:2      | Slain by an adder

Illustrated notes

Levels and vault maps discovered:
D:1:      wheals_arrival_linesprint, layout_basic
D:2:      layout_basic, overflow_temple_1_default, grunt_decor_junction,
          minmay_lizard_pond

Skill      XL: |  1  2  3 |
---------------+----------+-----
Dodging        | 3 |  3.2
Maces & Flails | 3 |  3.1
Armour         | 1 |  1.3
Fighting       | 3 |  3.1
Throwing       | |  1.7

Action                   |  1- 3 |  4- 6 || total
-------------------------+-------+-------++-------
Melee: Flail             |   129 |    13 ||   142
  Use: Scroll            |     2 |       ||     2
       Potion            |       |     4 ||     4
Armor: Leather armour    |    59 |    12 ||    71
Dodge: Dodged            |   137 |    52 ||   189
